3AA
NORTHVILLE ECLIPSE @ NUEVO MEXICO MARIACHIS
08/30/2052
 
TOP OF THE 1ST
Northville Eclipse batting - Pitching for Nuevo Mexico Mariachis : RHP Pablo Moreno
Pitching: RHP Pablo Moreno
Batting: LHB Scott Willis 0-0: Ball
1-0: Ball
2-0: Ground out 3-1 (Groundball, 13, EV 88.8 MPH)
Batting: LHB Javier Caballero 0-0: Ball
1-0: Swinging Strike
1-1: Ball
2-1: Ground out 1-3 (Groundball, 13S, EV 71.2 MPH)
Batting: RHB Ricardo Alejo 0-0: Called Strike
0-1: Ball
1-1: Fly out, F8 (Flyball, 8LD, EV 84.4 MPH)
Top of the 1st over - 0 runs, 0 hits, 0 errors, 0 left on base; Northville 0 - Nuevo Mexico 0
BOTTOM OF THE 1ST
Nuevo Mexico Mariachis batting - Pitching for Northville Eclipse : RHP Matt Jones
Pitching: RHP Matt Jones
Batting: SHB Sergio Resendiz 0-0: Called Strike
0-1: TRIPLE (Flyball, 9LD, EV 101.9 MPH)
Pinch Runner at 3rd Chad Smith:
Batting: LHB Nick Allen 0-0: Called Strike
0-1: Swinging Strike
0-2: Strikes out swinging
Batting: SHB Rubén Cervantes 0-0: Ball
1-0: Foul Ball, location: 2F
1-1: Ground out U3 (Groundball, 3, EV 85.0 MPH)
Batting: RHB Clifton Roberson 0-0: Foul Ball, location: 2F
0-1: Ball
1-1: Foul Ball, location: 2F
1-2: Strikes out swinging
Bottom of the 1st over - 0 runs, 1 hit, 0 errors, 1 left on base; Northville 0 - Nuevo Mexico 0
TOP OF THE 2ND
Northville Eclipse batting - Pitching for Nuevo Mexico Mariachis : RHP Pablo Moreno
Now at 2B: Bryan Jacobs
Batting: LHB Edward White 0-0: Ball
1-0: Ball
2-0: Called Strike
2-1: Foul Ball, location: 2F
2-2: Strikes out looking
Batting: RHB Cate McMahon 0-0: Ball
1-0: Called Strike
1-1: Ball
2-1: Ball
3-1: Called Strike
3-2: Ground out U3 (Groundball, 3, EV 80.0 MPH)
Batting: LHB Sergio Rivera 0-0: Ball
1-0: Ball
2-0: Swinging Strike
2-1: Called Strike
2-2: Foul Ball, location: 2F
2-2: Ball
3-2: Base on Balls
Batting: RHB Zhang Kan 0-0: Called Strike
0-1: Ball
1-1: Called Strike
1-2: Foul Ball, location: 2F
1-2: Ball
2-2: Ball
3-2: Strikes out swinging
Top of the 2nd over - 0 runs, 0 hits, 0 errors, 1 left on base; Northville 0 - Nuevo Mexico 0
BOTTOM OF THE 2ND
Nuevo Mexico Mariachis batting - Pitching for Northville Eclipse : RHP Matt Jones
Batting: SHB Dan Edwards 0-0: Ball
1-0: Foul Ball, location: 2F
1-1: Ball
2-1: Swinging Strike
2-2: Foul Ball, location: 2F
2-2: Strikes out swinging
Batting: RHB Josh Heathershaw 0-0: Swinging Strike
0-1: Fly out, F8 (Flyball, 8RS, EV 86.2 MPH)
Batting: SHB Germán Salazar 0-0: Ball
1-0: Ball
2-0: Called Strike
2-1: Reached on error, E5 (Groundball, 56, EV 78.1 MPH)
Batting: LHB Elton Archer 0-0: Ball
1-0: Foul Ball, location: 2F
1-1: Ground out 6-3 (Groundball, 6M, EV 105.6 MPH)
Bottom of the 2nd over - 0 runs, 0 hits, 1 error, 1 left on base; Northville 0 - Nuevo Mexico 0
TOP OF THE 3RD
Northville Eclipse batting - Pitching for Nuevo Mexico Mariachis : RHP Pablo Moreno
Batting: RHB Ming Que 0-0: Foul Ball, location: 2F
0-1: Foul Ball, location: 2F
0-2: Strikes out looking
Batting: RHB Paolo Roelands 0-0: Called Strike
0-1: Ball
1-1: Swinging Strike
1-2: Strikes out swinging
Batting: LHB Scott Willis 0-0: Ground out U3 (Groundball, 3, EV 82.5 MPH)
Top of the 3rd over - 0 runs, 0 hits, 0 errors, 0 left on base; Northville 0 - Nuevo Mexico 0
BOTTOM OF THE 3RD
Nuevo Mexico Mariachis batting - Pitching for Northville Eclipse : RHP Matt Jones
Batting: SHB Monty Crawford 0-0: Called Strike
0-1: Ball
1-1: Ball
2-1: SINGLE (Groundball, 3S, EV 65.6 MPH) (infield hit)
Batting: RHB Bryan Jacobs 0-0: Foul Ball, location: 2F
0-1: Ball
1-1: Called Strike
1-2: Ball
2-2: Ground out 4-3 (Groundball, 4S, EV 73.8 MPH)
Monty Crawford to second
Batting: LHB Nick Allen 0-0: Fly out, F8 (Flyball, 8RD, EV 84.4 MPH)
Batting: SHB Rubén Cervantes 0-0: Called Strike
0-1: Called Strike
0-2: SINGLE (Line Drive, 8RS, EV 106.9 MPH)
Monty Crawford to third
Batting: RHB Clifton Roberson 0-0: Ball
1-0: Ball
2-0: Ball
3-0: Called Strike
3-1: SINGLE (Line Drive, 7S, EV 98.1 MPH)
Monty Crawford scores
Rubén Cervantes to second
Batting: SHB Dan Edwards 0-0: Ball
1-0: Ball
2-0: Fly out, F7 (Flyball, 7LM, EV 90.0 MPH)
Bottom of the 3rd over - 1 run, 3 hits, 0 errors, 2 left on base; Northville 0 - Nuevo Mexico 1
TOP OF THE 4TH
Northville Eclipse batting - Pitching for Nuevo Mexico Mariachis : RHP Pablo Moreno
Batting: LHB Javier Caballero 0-0: Ball
1-0: Ball
2-0: SINGLE (Flyball, 8RS, EV 97.5 MPH)
Batting: RHB Ricardo Alejo 0-0: Grounds into double play, 4-6-3 (Groundball, 4, EV 106.2 MPH)
Batting: LHB Edward White 0-0: Called Strike
0-1: Ball
1-1: Foul Ball, location: 2F
1-2: Ball
2-2: Ball
3-2: Base on Balls
Batting: RHB Cate McMahon 0-0: Ball
1-0: Foul Ball, location: 2F
1-1: Swinging Strike
1-2: Strikes out swinging
Top of the 4th over - 0 runs, 1 hit, 0 errors, 1 left on base; Northville 0 - Nuevo Mexico 1
BOTTOM OF THE 4TH
Nuevo Mexico Mariachis batting - Pitching for Northville Eclipse : RHP Matt Jones
Batting: RHB Josh Heathershaw 0-0: Called Strike
0-1: Called Strike
0-2: Ball
1-2: Ball
2-2: Ground out 5-3 (Groundball, 5, EV 86.9 MPH)
Batting: SHB Germán Salazar 0-0: Ball
1-0: Foul Ball, location: 2F
1-1: Called Strike
1-2: Foul Ball, location: 2F
1-2: Strikes out looking
Batting: LHB Elton Archer 0-0: Ball
1-0: Swinging Strike
1-1: Foul Ball, location: 2F
1-2: Fly out, F8 (Flyball, 78XD, EV 84.4 MPH)
Bottom of the 4th over - 0 runs, 0 hits, 0 errors, 0 left on base; Northville 0 - Nuevo Mexico 1
TOP OF THE 5TH
Northville Eclipse batting - Pitching for Nuevo Mexico Mariachis : RHP Pablo Moreno
Batting: LHB Sergio Rivera 0-0: Ball
1-0: Ball
2-0: Called Strike
2-1: Ball
3-1: Base on Balls
Batting: RHB Zhang Kan 0-0: Foul Ball, location: 2F
0-1: SINGLE (Line Drive, 78M, EV 105.0 MPH)
Sergio Rivera to second
Batting: RHB Ming Que 0-0: Hit by Pitch
Sergio Rivera to third
Zhang Kan to second
Batting: RHB Paolo Roelands 0-0: Foul Ball, location: 2F
0-1: Ball
1-1: Fly out, F9 (Line Drive, 9, EV 86.9 MPH)
Runner from 3rd tags up, SCORES, throw by RF
Batting: LHB Scott Willis 0-0: Swinging Strike
0-1: Called Strike
0-2: Strikes out swinging
Batting: LHB Javier Caballero 0-0: Ball
1-0: Fly out, F8 (Line Drive, 8LD, EV 96.2 MPH)
Top of the 5th over - 1 run, 1 hit, 0 errors, 2 left on base; Northville 1 - Nuevo Mexico 1
BOTTOM OF THE 5TH
Nuevo Mexico Mariachis batting - Pitching for Northville Eclipse : RHP Matt Jones
Batting: SHB Monty Crawford 0-0: Called Strike
0-1: Swinging Strike
0-2: Ball
1-2: Strikes out looking
Batting: RHB Bryan Jacobs 0-0: Called Strike
0-1: Ball
1-1: Foul Ball, location: 2F
1-2: Ball
2-2: Ground out 1-3 (Groundball, 13S, EV 68.1 MPH)
Batting: LHB Nick Allen 0-0: SINGLE (Line Drive, 6MD, EV 99.4 MPH)
Batting: SHB Rubén Cervantes 0-0: Ball
1-0: Ball
2-0: Ball
3-0: Called Strike
3-1: Base on Balls
Nick Allen to second
Batting: RHB Clifton Roberson 0-0: Ball
1-0: Foul Ball, location: 2F
1-1: Ball
2-1: Swinging Strike
2-2: Ball
3-2: Base on Balls
Nick Allen to third
Rubén Cervantes to second
Batting: SHB Dan Edwards 0-0: Ball
1-0: Foul Ball, location: 2F
1-1: Foul Ball, location: 2F
1-2: Ball
2-2: TRIPLE (Flyball, 8RXD, EV 91.9 MPH)
Nick Allen scores
Rubén Cervantes scores
Clifton Roberson scores
Batting: RHB Josh Heathershaw 0-0: Ball
1-0: Called Strike
1-1: SINGLE (Line Drive, 89M, EV 110.0 MPH)
Dan Edwards scores
Pitching: RHP Yuan Hsueh
Batting: SHB Germán Salazar 0-0: Ball
Josh Heathershaw steals 2nd base
1-0: Ground out U3 (Groundball, 3, EV 91.9 MPH)
Bottom of the 5th over - 4 runs, 3 hits, 0 errors, 1 left on base; Northville 1 - Nuevo Mexico 5
TOP OF THE 6TH
Northville Eclipse batting - Pitching for Nuevo Mexico Mariachis : RHP Pablo Moreno
Batting: RHB Ricardo Alejo 0-0: Called Strike
0-1: Fly out, F6 (Line Drive, 6, EV 70.0 MPH)
Batting: LHB Edward White 0-0: Foul Ball, location: 2F
0-1: Swinging Strike
0-2: Strikes out swinging
Batting: RHB Cate McMahon 0-0: Called Strike
0-1: Swinging Strike
0-2: Strikes out swinging
Top of the 6th over - 0 runs, 0 hits, 0 errors, 0 left on base; Northville 1 - Nuevo Mexico 5
BOTTOM OF THE 6TH
Nuevo Mexico Mariachis batting - Pitching for Northville Eclipse : RHP Yuan Hsueh
Batting: LHB Elton Archer 0-0: Called Strike
0-1: Ball
1-1: Ball
2-1: Ball
3-1: Called Strike
3-2: Foul Ball, location: 2F
3-2: Ground out 6-3 (Groundball, 6, EV 106.2 MPH)
Batting: SHB Monty Crawford 0-0: Ground out 4-3 (Groundball, 4S, EV 91.2 MPH)
Batting: RHB Bryan Jacobs 0-0: Ground out 4-3 (Groundball, 4, EV 83.1 MPH)
Bottom of the 6th over - 0 runs, 0 hits, 0 errors, 0 left on base; Northville 1 - Nuevo Mexico 5
TOP OF THE 7TH
Northville Eclipse batting - Pitching for Nuevo Mexico Mariachis : RHP Pablo Moreno
Batting: LHB Sergio Rivera 0-0: Ball
1-0: Fly out, F3 (Line Drive, 3, EV 73.8 MPH)
Batting: RHB Zhang Kan 0-0: Ball
1-0: Called Strike
1-1: Ball
2-1: Ball
3-1: Foul Ball, location: 2F
3-2: Base on Balls
Batting: RHB Ming Que 0-0: Ball
1-0: Swinging Strike
1-1: Ball
2-1: Fly out, F8 (Flyball, 8RD, EV 98.8 MPH)
Batting: RHB Paolo Roelands 0-0: Ball
1-0: Fly out, F3 (Line Drive, 3, EV 68.8 MPH)
Top of the 7th over - 0 runs, 0 hits, 0 errors, 1 left on base; Northville 1 - Nuevo Mexico 5
BOTTOM OF THE 7TH
Nuevo Mexico Mariachis batting - Pitching for Northville Eclipse : RHP Yuan Hsueh
Batting: LHB Nick Allen 0-0: Foul Ball, location: 2F
0-1: Ball
1-1: Foul Ball, location: 2F
1-2: Ball
2-2: SINGLE (Groundball, 34D, EV 108.8 MPH)
Batting: SHB Rubén Cervantes 0-0: Swinging Strike
0-1: Called Strike
0-2: Foul Ball, location: 2F
0-2: Strikes out swinging
Batting: RHB Clifton Roberson 0-0: Foul Ball, location: 2F
0-1: Swinging Strike
0-2: Foul Ball, location: 2F
0-2: Ball
1-2: Foul Ball, location: 2F
1-2: Strikes out looking
Batting: SHB Dan Edwards 0-0: Ball
1-0: Called Strike
1-1: Foul Ball, location: 2F
1-2: Ball
2-2: Strikes out swinging
Bottom of the 7th over - 0 runs, 1 hit, 0 errors, 1 left on base; Northville 1 - Nuevo Mexico 5
TOP OF THE 8TH
Northville Eclipse batting - Pitching for Nuevo Mexico Mariachis : RHP Pablo Moreno
Batting: LHB Scott Willis 0-0: Ball
1-0: Ball
2-0: Ball
3-0: Base on Balls
Batting: LHB Javier Caballero 0-0: Called Strike
0-1: Ball
1-1: Called Strike
1-2: Ball
2-2: Fielders Choice at 2nd, 5-4 (Groundball, 56, EV 108.1 MPH)
Pitching: LHP Chet Goode
Batting: RHB Ricardo Alejo 0-0: Foul Ball, location: 2F
0-1: Ball
1-1: Ball
2-1: Swinging Strike
2-2: Ground out 6-3 (Groundball, 6S, EV 71.2 MPH)
Javier Caballero to second
Batting: LHB Edward White 0-0: Swinging Strike
0-1: Called Strike
0-2: Foul Ball, location: 2F
0-2: Ball
1-2: SINGLE (Line Drive, 9S, EV 99.4 MPH)
Javier Caballero to third
Runner from 3rd tries for Home, SAFE, throw by RF to home
Batting: RHB Cate McMahon 0-0: Called Strike
0-1: Ball
1-1: Foul Ball, location: 2F
1-2: Ball
Wild Pitch!
Edward White to second
2-2: Ball
3-2: Foul Ball, location: 2F
3-2: Fly out, F9 (Line Drive, 9S, EV 86.9 MPH)
Top of the 8th over - 1 run, 1 hit, 0 errors, 1 left on base; Northville 2 - Nuevo Mexico 5
BOTTOM OF THE 8TH
Nuevo Mexico Mariachis batting - Pitching for Northville Eclipse : RHP Yuan Hsueh
Batting: RHB Josh Heathershaw 0-0: Ball
1-0: Ball
2-0: Called Strike
2-1: Ball
3-1: Base on Balls
Batting: SHB Germán Salazar 0-0: Called Strike
0-1: Ball
1-1: Ball
2-1: Ball
3-1: SINGLE (Groundball, 6MS, EV 75.0 MPH) (infield hit)
Josh Heathershaw to second
Batting: LHB Elton Archer 0-0: Called Strike
0-1: Foul Ball, location: 2F
0-2: Strikes out swinging
Batting: SHB Monty Crawford 0-0: Ball
1-0: Foul Ball, location: 2F
1-1: Ball
2-1: Foul Ball, location: 2F
2-2: Strikes out swinging
Batting: RHB Bryan Jacobs 0-0: Called Strike
0-1: Ball
1-1: Ball
2-1: Ground out U3 (Groundball, 3, EV 101.9 MPH)
Bottom of the 8th over - 0 runs, 1 hit, 0 errors, 2 left on base; Northville 2 - Nuevo Mexico 5
TOP OF THE 9TH
Northville Eclipse batting - Pitching for Nuevo Mexico Mariachis : LHP Chet Goode
Pitching: LHP Daniel Watson
Batting: LHB Sergio Rivera 0-0: Ground out 6-3 (Groundball, 6M, EV 83.1 MPH)
Batting: RHB Zhang Kan 0-0: Ground out 4-3 (Groundball, 34, EV 101.9 MPH)
Batting: RHB Ming Que 0-0: Swinging Strike
0-1: Fly out, F8 (Flyball, 78D, EV 83.1 MPH)
Top of the 9th over - 0 runs, 0 hits, 0 errors, 0 left on base; Northville 2 - Nuevo Mexico 5
Tuesday, October 10th , 2023 - OOTP Baseball 23.10 Build 110